 Dungeon Crawl Stone Soup version 0.16-b1 (webtiles) character file.

284 McCoppin the Chopper (level 6, -8/44 HPs)
             Began as a Vampire Gladiator on Mar 12, 2015.
             Was an Initiate of Okawaru.
             Mangled by Prince Ribbit (13 damage)
             ... on level 4 of the Dungeon.
             The game lasted 00:09:27 (3378 turns).

McCoppin the Chopper (Vampire Gladiator)            Turns: 3378, Time: 00:09:27

Health: -8/44      AC:  4    Str: 16    XL:     6   Next: 7%
Magic:  6/6        EV: 13    Int: 10    God:    Okawaru [......]
Gold:   138        SH:  0    Dex: 14    Spells: 0 memorised, 5 levels left

rFire  . . .     SeeInvis +     x - +0 short sword (vamp)
rCold  . . .     Clarity  .     b - +0 leather armour
rNeg   + . .     SustAb   .     (no shield)
rPois  .         Gourm    .     c - +0 helmet
rElec  .         Spirit   .     (no cloak)
rCorr  .         Warding  .     (no gloves)
rMut   .         Stasis   .     (no boots)
MR     .....                    (no amulet)
Stlth  +.........               (no ring)
                                (no ring)

@: not resistant to hostile enchantments, very unstealthy
A: bottle blood, fangs 3, see invisible, unbreathing
a: Bat Form, Renounce Religion


You were on level 4 of the Dungeon.
You worshipped Okawaru.
Okawaru was noncommittal.
You were not thirsty.

You visited 2 branches of the dungeon, and saw 5 of its levels.

You collected 138 gold pieces.

Inventory:

Hand weapons
 a - a +0 war axe
 t - a +0 blowgun
 u - a +0 dagger
 x - a +0 vampiric short sword (weapon)
Missiles
 d - 3 throwing nets (quivered)
 m - 29 poisoned needles
Armour
 b - a +0 leather armour (worn)
 c - a +0 helmet (worn)
Jewellery
 g - an uncursed amulet of stasis
Magical devices
 p - a wand of random effects (26)
Scrolls
 i - 4 scrolls of remove curse {unknown}
 j - a scroll of enchant armour {unknown}
 k - 2 scrolls of identify {unknown}
 n - a scroll of fog {unknown}
 o - 2 scrolls of enchant weapon {unknown}
 q - a scroll of noise {unknown}
 s - a scroll of random uselessness {unknown}
 v - 2 scrolls of recharging {unknown}
 w - a scroll of immolation {unknown}
Potions
 f - a potion of haste {unknown}
 h - a potion of resistance {unknown}
 l - 3 potions of curing {unknown}
 r - a potion of agility {unknown}


   Skills:
 - Level 1.7 Fighting
 + Level 6.2 Axes
 - Level 1.5 Throwing
 - Level 3.2 Dodging


You had 5 spell levels left.
You didn't know any spells.

Dungeon Overview and Level Annotations

Branches:
Dungeon (4/15)             Temple (1/1) D:4

Altars:
Cheibriados
Gozag
Kikubaaqudgha
Okawaru
Qazlal
Sif Muna
Trog
Yredelemnul
Zin
The Shining One

Annotations:
D:4 Prince Ribbit


Innate Abilities, Weirdness & Mutations

You can bottle blood from corpses.
You have razor-sharp teeth.
You have supernaturally acute eyesight.
You can survive without breathing.


Message History

Found an escape hatch in the floor.
Prince Ribbit hits you.
The orc throws a stone.
The stone hits you but does no damage. Prince Ribbit hits you!
There is a stone staircase leading down here.
You see here a stone.
The orc barely misses you.
An orc priest comes into view. It is wielding a trident.
The orc priest shouts!
You draw the orc's blood!
You feel better.
You feel slightly less thirsty.
You hit the orc but do no damage. Prince Ribbit barely misses you.
The orc barely misses you. Prince Ribbit hits you.
You draw the orc's blood!
You feel better.
You feel slightly less thirsty.
You hit the orc but do no damage.
You feel sick.
You are no longer poisoned.
Prince Ribbit hits you!
* * * LOW HITPOINT WARNING * * *
The orc completely misses you.
Your leather armour prevents you from hitting the orc.
Prince Ribbit hits you!
You die...

. +..........
.+
#<.........
.#
+###..##.####
###.##>#
#+###+# #
#.o....+ ..
+......# #
#.....$#
#.o....#
#.@....+
#.F....#
#......# #
##.....+
##.##.....#
#.........#
#...†.....#
+............
##.###+##.##.


You could see Prince Ribbit, an orc priest and an orc.

Vanquished Creatures
  An ogre (D:4)
  An orc priest (D:3)
  A worker ant (D:4)
  6 adders
  2 worms
  3 orcs (D:3)
  A giant cockroach (D:1)
  10 hobgoblins
  9 jackals
  14 kobolds
  2 ball pythons
  5 bats
  4 giant newts
  11 goblins
  13 rats
83 creatures vanquished.

Notes
Turn   | Place    | Note
--------------------------------------------------------------
     0 | D:1      | McCoppin, the Vampire Gladiator, began the quest for the Orb.
     0 | D:1      | Reached XP level 1. HP: 16/16 MP: 1/1
   378 | D:1      | Reached XP level 2. HP: 22/22 MP: 2/2
   843 | D:2      | Reached XP level 3. HP: 25/27 MP: 3/3
  1108 | D:2      | Reached skill level 4 in Axes
  1294 | D:2      | Found a bloodstained altar of Trog.
  1318 | D:2      | Reached XP level 4. HP: 25/33 MP: 4/4
  1527 | D:2      | Found a deep blue altar of Sif Muna.
  1531 | D:2      | Found a glowing silver altar of Zin.
  1531 | D:2      | Found a basalt altar of Yredelemnul.
  1533 | D:2      | Found an ancient bone altar of Kikubaaqudgha.
  1533 | D:2      | Found a stormy altar of Qazlal.
  2146 | D:3      | Reached skill level 5 in Axes
  2751 | D:3      | Reached XP level 5. HP: 9/38 MP: 5/5
  3120 | D:4      | Noticed an ogre
  3122 | D:4      | Found a staircase to the Ecumenical Temple.
  3133 | D:4      | Killed an ogre
  3133 | D:4      | Reached skill level 6 in Axes
  3146 | Temple   | Entered the Ecumenical Temple
  3150 | Temple   | Became a worshipper of Warmaster Okawaru
  3351 | D:4      | Reached XP level 6. HP: 22/44 MP: 6/6
  3366 | D:4      | Noticed Prince Ribbit
  3378 | D:4      | Mangled by Prince Ribbit

Action                   |  1- 3 |  4- 6 || total
-------------------------+-------+-------++-------
Melee: War axe           |   110 |    93 ||   203
       Short sword       |       |    50 ||    50
  Use: Potion            |       |     7 ||     7
  Eat: Corpse            |       |     1 ||     1
